 Dungeon Crawl Stone Soup version 0.20.1-1-g8b1a95d (webtiles) character file.

209 dohliylev the Covert (level 5, -2/38 HPs)
             Began as a Vampire Assassin on Dec 5, 2017.
             Was a Follower of Nemelex Xobeh.
             Slain by a hound (5 damage)
             ... on level 5 of the Dungeon.
             The game lasted 00:08:01 (2381 turns).

dohliylev the Covert (Vampire Assassin)             Turns: 2381, Time: 00:08:02

Health: -2/38      AC:  4    Str: 14    XL:     5   Next: 55%
Magic:  5/5        EV: 12    Int: 14    God:    Nemelex Xobeh [*.....]
Gold:   189        SH:  0    Dex: 16    Spells: 4/4 levels left

rFire    . . .     SeeInvis +   a - +2 dagger
rCold    . . .     Gourm    .   (no shield)
rNeg     . . .     Faith    .   F - +0 robe (curse)
rPois    .         Spirit   .   (no helmet)
rElec    .         Reflect  .   d - +0 cloak
rCorr    .         Harm     .   (no gloves)
MR       .....                  m - +0 pair of boots
Stlth    +++.......             (no amulet)
Regen    0.4/turn               j - ring of loudness (curse)
MPRegen  0.1/turn               k - +4 ring of strength

@: regenerating quickly
A: fangs 3, see invisible, unbreathing
a: Renounce Religion


You were on level 5 of the Dungeon.
You worshipped Nemelex Xobeh.
Nemelex Xobeh was aware of your devotion.
You were very full.

You visited 1 branch of the dungeon, and saw 5 of its levels.

You collected 189 gold pieces.

Inventory:

Hand Weapons
 a - a +2 dagger (weapon)
 b - a +0 blowgun
 D - a +0 blowgun
Missiles
 e - 20 poisoned needles
 f - 2 curare-tipped needles
Armour
 d - a +0 cloak (worn)
 m - a +0 pair of boots (worn)
 F - a cursed +0 robe (worn)
Jewellery
 j - a cursed ring of loudness (left hand)
 k - a +4 ring of strength (right hand)
 u - an uncursed ring of poison resistance {unknown}
Scrolls
 i - a scroll of recharging {unknown}
 q - a scroll of identify {unknown}
 r - 3 scrolls of immolation {unknown}
 s - 4 scrolls of teleportation {unknown}
 t - a scroll of fear {unknown}
 y - 2 scrolls of enchant armour {unknown}
 A - 2 scrolls of magic mapping {unknown}
 B - a scroll of fog {unknown}
 C - 4 scrolls of remove curse {unknown}
Potions
 g - 12 potions of blood
 h - 2 potions of might {unknown}
 l - a potion of berserk rage {unknown}
 n - a potion of heal wounds {unknown}
 o - 2 potions of cancellation {unknown}
 p - a potion of haste {unknown}
 v - 2 potions of degeneration {unknown}
 w - 3 potions of curing {unknown}
 z - a potion of lignification {unknown}
Miscellaneous
 x - a plain deck of destruction
 E - an ornate deck of summoning


   Skills:
 - Level 1.7 Fighting
 - Level 5.1 Short Blades
 - Level 1.5 Throwing
 + Level 1.4 Dodging
 - Level 8.0 Stealth


You had 4 spell levels left.
You didn't know any spells.

Dungeon Overview and Level Annotations

Branches:
Dungeon (5/15)
 Temple: D:4-7

Altars:
Nemelex Xobeh
Vehumet
Zin
The Shining One

Annotations:
D:4 othur's ghost, amateur GrBe


Innate Abilities, Weirdness & Mutations

Your natural rate of healing is unusually fast.
You have razor-sharp teeth.
You have supernaturally acute eyesight. (SInv)
You can survive without breathing.


Message History

The hound misses you.
You hit the hound.
The hound is heavily wounded.
The hound barely misses you.
You closely miss the hound.
The hound is heavily wounded.
The hound stops to sniff the ground.
The hound bites you.
* * * LOW HITPOINT WARNING * * *
You hit the hound but do no damage.
The hound is heavily wounded.
The hound barely misses you. The hound bites you.
* * * LOW HITPOINT WARNING * * *
You barely miss the hound.
The hound is heavily wounded.
The hound barely misses you. The hound misses you. The hound bites you.
You die...
Your body disappears without a glow.

#...# #.........#........#
#...# #.........#..(?....#
#...# #.........#........#
#...# #..[......#......o.#
#...# #.........###(#+##.#
#...####.........# #)#
#.÷........(.....###.####.#
#......≈.....##.(#........#
#..≈.≈≈≈≈≈...###@#.#......#
..≈≈#≈#≈####.###.h.######.#
##≈≈≈≈≈≈≈≈ #.##....# #
#########≈#.##.#..#
#.......... #..).##..... .
#.######.### . #. .. . #
..#


You could see a hound.

Vanquished Creatures
  A scorpion (D:5)
  7 adders
  An ooze (D:3)
  A worm (D:2)
  3 dart slugs
  3 leopard geckos
  8 orcs
  A giant cockroach (D:3)
  8 goblins
  5 hobgoblins
  9 jackals
  2 ball pythons
  5 bats
  5 frilled lizards
  10 kobolds
  9 rats
78 creatures vanquished.

Notes
Turn   | Place    | Note
-------+----------+-------------------------------------------
     0 | D:1      | dohliylev the Vampire Assassin began the quest for the Orb.
     0 | D:1      | Reached XP level 1. HP: 16/16 MP: 1/1
    59 | D:1      | Reached skill level 6 in Stealth
   204 | D:1      | Reached XP level 2. HP: 17/22 MP: 2/2
   246 | D:1      | Reached skill level 7 in Stealth
   631 | D:1      | Reached XP level 3. HP: 26/27 MP: 3/3
   966 | D:2      | Found a radiant altar of Vehumet.
   978 | D:2      | Reached skill level 8 in Stealth
  1086 | D:2      | Found a sparkling altar of Nemelex Xobeh.
  1095 | D:2      | Became a worshipper of Nemelex Xobeh the Trickster
  1096 | D:2      | Received a gift from Nemelex Xobeh
  1318 | D:2      | Found a faded altar of an unknown god.
  1355 | D:2      | Reached XP level 4. HP: 31/33 MP: 4/4
  1752 | D:3      | Found a glowing golden altar of the Shining One.
  1758 | D:3      | Found a glowing silver altar of Zin.
  1830 | D:3      | Received a gift from Nemelex Xobeh
  2130 | D:4      | Reached * piety under Nemelex Xobeh
  2196 | D:4      | Noticed othur's ghost (amateur GrBe)
  2224 | D:5      | Entered Level 5 of the Dungeon
  2275 | D:5      | Reached XP level 5. HP: 24/38 MP: 5/5
  2321 | D:5      | Reached skill level 5 in Short Blades
  2381 | D:5      | Slain by a hound

Skill      XL: |  1  2  3  4  5 |
---------------+----------------+-----
Stealth        | 6 7 8 |  8.0
Short Blades   | 4 5 |  5.1
Fighting       | |  1.7
Throwing       | |  1.5
Dodging        | |  1.4

Action                   |  1- 3 |  4- 6 || total
-------------------------+-------+-------++-------
Melee: Dagger            |   102 |   155 ||   257
       Bite              |     6 |    16 ||    22
 Fire: Blowgun           |    10 |     8 ||    18
  Use: Potion            |     2 |     1 ||     3
 Stab: Sleeping          |    11 |     4 ||    15
  Eat: Corpse            |    10 |     4 ||    14
Armor: Robe              |    24 |    40 ||    64
Dodge: Dodged            |    71 |   104 ||   175
